 Dungeon Crawl Stone Soup version 0.30-a0-137-gd8773701ce (webtiles) character file.

Game seed: 9705681102356716097

827 jimonade the Covert (level 8, -3/44 HPs)
             Began as a Kobold Brigand on Sept 21, 2022.
             Was an Initiate of Wu Jian.
             Splashed by a jelly's acid (6 damage)
             ... on level 6 of the Dungeon.
             The game lasted 00:07:48 (5703 turns).

jimonade the Covert (Kobold Brigand)                Turns: 5703, Time: 00:07:49

Health: -3/44      AC: -12   Str:  6    XL:     8   Next: 17%
Magic:  8/8        EV: 14    Int:  9    God:    Wu Jian [......]
Gold:   303        SH:  5    Dex: 18    Spells: 7/7 levels left

rFire   . . .      SeeInvis +    a - +2 dagger
rCold   + + +      Faith    .    (no shield)
rNeg    . . .      Spirit   .    b - +0 robe
rPois   .          Reflect  +    (no helmet)
rElec   .          Harm     .    c - +0 cloak
rCorr   .          Rampage  .    o - +0 pair of gloves
Will    ++...                    (no boots)
Stlth   ++++++....               s - amulet of Yricueh {Reflect rC+++ Str-2 Int-4 SH+5 SInv}
HPRegen 0.14/turn                n - ring of willpower
MPRegen 0.11/turn                q - ring of willpower

@: corroded
A: small, no large weapons, nightstalker 3
a: Renounce Religion


You were on level 6 of the Dungeon.
You worshipped Wu Jian.
Wu Jian was noncommittal.
You visited 2 branches of the dungeon, and saw 7 of its levels.

You collected 303 gold pieces.

Inventory:

Hand Weapons
 a - a +2 dagger (weapon)
Missiles
 d - 13 poisoned darts (quivered)
 e - 3 curare-tipped darts
 E - 2 throwing nets
Armour
 b - a +0 robe (worn)
 c - a +0 cloak (worn)
 m - a +0 leather armour
 o - a +0 pair of gloves (worn)
 B - a +0 pair of gloves
 C - a +1 ring mail of fire resistance
Jewellery
 j - a +6 ring of intelligence
 n - a ring of willpower (left hand)
 q - a ring of willpower (right hand)
 s - the amulet of Yricueh (around neck) {Reflect rC+++ Str-2 Int-4 SH+5 SInv}
   (You found it on level 2 of the Dungeon)

   [amulet of reflection]

   It reflects blocked missile attacks.
   Str:       It affects your strength (-2).
   Int:       It affects your intelligence (-4).
   rC:        It renders you almost immune to cold.
   SInv:      It lets you see invisible.
   SH:        It affects your SH (+5).
 G - a ring of poison resistance
Wands
 h - a wand of flame (27)
Scrolls
 f - 2 scrolls of magic mapping
 i - 5 scrolls of identify
 k - 3 scrolls of teleportation
 l - a scroll of enchant weapon {unknown}
 A - a scroll of vulnerability
Potions
 g - a potion of invisibility {unknown}
 p - 3 potions of curing
 r - 3 potions of attraction {unknown}
 t - 2 potions of brilliance {unknown}
 x - 2 potions of mutation {unknown}
 z - a potion of heal wounds {unknown}
 D - 2 potions of haste {unknown}
 F - 3 potions of degeneration {unknown}


   Skills:
 - Level 2.1 Fighting
 * Level 7.5 Short Blades
 - Level 2.1 Throwing
 - Level 1.2 Dodging
 + Level 11.0 Stealth


You had 7 spell levels left.
You didn't know any spells.
Your spell library contained the following spells:

 Spells                   Type           Power      Damage    Failure   Level
 Apportation              Tloc           0%         N/A       38%         1
 Gell's Gravitas          Tloc           0%         N/A       77%         3
 Lesser Beckoning         Tloc           0%         N/A       77%         3
 Teleport Other           Tloc           0%         N/A       77%         3
 Alistair's Intoxication  Tmut/Pois      0%         N/A       100%        5


Dungeon Overview and Level Annotations

Branches:
Dungeon (6/15)             Temple (1/1) D:5

Altars:
Cheibriados
Dithmenos
Elyvilon
Fedhas
Gozag
Kikubaaqudgha
Makhleb
Nemelex Xobeh
Ru
Trog
Vehumet
Wu Jian
Xom
Yredelemnul
The Shining One


Innate Abilities, Weirdness & Mutations

You are small and have problems with some larger weapons.
You are completely attuned to the shadows.


Message History

The hound is almost dead.
The hound closely misses you.
You hit the hound.
You kill the hound!
The Council accepts your kill.
Your Short Blades skill increases to level 7!
You see here a hound corpse.
HP restored.
You open the door.
A steam dragon comes into view.
You lunge at the steam dragon, in a flurry of attacks.
The helpless steam dragon fails to defend itself.
You perforate the steam dragon like a sieve!!!!
You kill the steam dragon!
The Council accepts your kill.
Your Stealth skill increases to level 11!
You have reached level 8!
A jelly comes into view.
The jelly quivers.
You hit the jelly but do no damage.
Your hands burn!
You block the jelly's attack.
You hit the jelly but do no damage. The acid corrodes you!
Your hands burn!
The jelly barely misses you.
You hit the jelly but do no damage. The acid corrodes you!
Your hands burn!
You hit the jelly but do no damage.
Your hands burn!
The jelly hits you.
You are splashed with acid!
You are too injured to fight recklessly!
You are too injured to fight recklessly!
You are too injured to fight recklessly!
You are too injured to fight recklessly!
You hit the jelly but do no damage.
Your hands burn!
You hit the jelly but do no damage. The acid corrodes you!
Your hands burn!
* * * LOW HITPOINT WARNING * * *
You block the jelly's attack.
You hit the jelly but do no damage.
Your hands burn!
* * * LOW HITPOINT WARNING * * *
The jelly hits you.
* * * LOW HITPOINT WARNING * * *
The acid corrodes you!
You are splashed with acid.
You die...

#######.#......#..#.#.#
.†........######....#.#
##......#.# ##.#.#.#
##....).#.#######.###.#
.'......+............>#
##......#.#######.#.#.#########
#......#.# #.#...........#
######.#.#######.###.......###
#.#......J@......#######
#.#....................#
#.#.........#[..#..###.#
#.#........###.###.# #.#
#.#.........#...#..###.##
#.##.........._.........#
#.##.#####..#...#...#####
#.##.#####.###.###..#
#<##........#...#..##


You could see a jelly.

Vanquished Creatures
  A troll (D:5)
  A steam dragon (D:6)
  2 ogres
  A howler monkey (D:5)
  A hound (D:6)
  An orc wizard (D:6)
  13 adders
  3 ufetubi
  A worm (D:3)
  5 dart slugs
  4 orcs
  8 endoplasms
  5 giant cockroaches
  11 goblins
  4 hobgoblins
  2 kobolds
  2 quokkas
  6 ball pythons
  4 bats
  2 rats
  A butterfly (D:5)
78 creatures vanquished.

Notes
Turn   | Place    | Note
-------+----------+-------------------------------------------
     0 | D:1      | jimonade the Kobold Brigand began the quest for the Orb.
     0 | D:1      | Reached XP level 1. HP: 12/12 MP: 1/1
   184 | D:1      | Reached XP level 2. HP: 8/17 MP: 2/2
   441 | D:1      | Reached skill level 6 in Stealth
   501 | D:1      | Found a faded altar of an unknown god.
   638 | D:1      | Reached XP level 3. HP: 21/21 MP: 3/3
  1184 | D:2      | You fall into a shaft and drop 1 floor!
  1198 | D:3      | Reached skill level 7 in Stealth
  1198 | D:3      | Reached XP level 4. HP: 26/26 MP: 4/4
  1405 | D:3      | Reached XP level 5. HP: 26/30 MP: 5/5
  1649 | D:2      | Identified the amulet of Yricueh {Reflect rC+++ Str-2 Int-4
                  | SH+5 SInv}
  1767 | D:2      | Reached skill level 8 in Stealth
  2181 | D:3      | Found a sparkling altar of Nemelex Xobeh.
  2185 | D:3      | Found a snail-covered altar of Cheibriados.
  2185 | D:3      | Found a shadowy altar of Dithmenos.
  3055 | D:4      | Noticed an ogre
  3057 | D:4      | Killed an ogre
  3058 | D:4      | Reached skill level 9 in Stealth
  3058 | D:4      | Reached XP level 6. HP: 35/35 MP: 6/6
  3062 | D:4      | Reached skill level 5 in Short Blades
  3422 | D:5      | Entered Level 5 of the Dungeon
  3452 | D:5      | Noticed an ogre
  3469 | D:5      | Killed an ogre
  3931 | D:5      | Noticed a troll
  3935 | D:5      | Killed a troll
  3936 | D:5      | Reached skill level 10 in Stealth
  3936 | D:5      | Reached XP level 7. HP: 40/40 MP: 7/7
  4491 | D:5      | Found a staircase to the Ecumenical Temple.
  4500 | Temple   | Entered the Ecumenical Temple
  4782 | Temple   | Became a worshipper of the Wu Jian Council
  5286 | D:6      | Found a radiant altar of Vehumet.
  5676 | D:6      | Noticed a steam dragon
  5679 | D:6      | Killed a steam dragon
  5680 | D:6      | Reached skill level 11 in Stealth
  5680 | D:6      | Reached XP level 8. HP: 44/44 MP: 8/8
  5703 | D:6      | Splashed by a jelly's acid

Illustrated notes

Levels and vault maps discovered:
D:1:      dpeg_arrival_simpleton_c, layout_basic,
          hellmonk_ecumenical_altar_arch_garden, minmay_statues_item
D:2:      layout_rooms
D:3:      layout_basic, nicolae_overflow_hidden_temple,
          gammafunk_temple_overflow_statue, minmay_misc_feat_rows,
          dk_noncrumbling_3
D:4:      layout_basic, kennysheep_generic_room_12
D:5:      layout_loops_corners, minmay_temple_entry_mini_moons,
          roderic_lattice_a, hangedman_glass_garden,
          eino_small_chamber_without_monster, nicolae_underground_beach
D:6:      layout_basic, vehumet_crystals, kennysheep_okawaru_gauntlet
Temple:   minmay_temple_curvy_loop

Skill      XL: |  1  2  3  4  5  6  7 |
---------------+----------------------+-----
Short Blades   | 3 4 6 7 |  7.5
Stealth        | 6 7 9 10 11 | 11.0
Fighting       | |  2.1
Throwing       | |  2.1
Dodging        | |  1.2

Action                   |  1- 3 |  4- 6 |  7- 9 || total
-------------------------+-------+-------+-------++-------
Melee: Dagger            |    52 |   118 |    57 ||   227
Invok: Lunge             |       |       |     3 ||     3
  Use: Scroll            |       |       |    11 ||    11
 Stab: Sleeping          |    16 |    24 |     6 ||    46
       Distracted        |       |     1 |     1 ||     2
Armor: Robe              |     3 |    16 |     4 ||    23
Dodge: Dodged            |    19 |    68 |    18 ||   105
Block: Other             |       |     1 |     8 ||     9

Table legend: (Time is in decaauts)
 A = Elapsed time spent in this place.
 B = Non-inter-level travel time spent in this place.
 C = Inter-level travel time spent in this place.
 D = Time resting spent in this place.
 E = Time spent auto-exploring this place.
 F = Levels seen in this place.
 G = Mean time per level.
                   A        B        C        D        E       F      G
               +--------+--------+--------+--------+--------+-----+--------+
         Total |   5655 |   5403 |    252 |    153 |   4615 |   7 |  807.9 |
       Dungeon |   5329 |   5152 |    177 |    153 |   4371 |   6 |  888.2 |
        Temple |    326 |    251 |     75 |      0 |    243 |   1 |  326.0 |
               +--------+--------+--------+--------+--------+-----+--------+

Top non-repeatable levels by time:
     D:5: 1479 daAuts
     D:4: 936 daAuts
     D:2: 819 daAuts
     D:1: 819 daAuts
     D:3: 816 daAuts
     D:6: 457 daAuts
  Temple: 326 daAuts
